 Dungeon Crawl Stone Soup version 0.30-a0-40-gc6d0f036a7 (webtiles) character file.

Game seed: 7400854548043425758

55496 Newt the Carver (level 14, -4/108 HPs)
             Began as a Demonspawn Gladiator on Aug 29, 2022.
             Was a High Priest of Okawaru.
             Killed from afar by a ynoxinul (21 damage)
             ... with an iron shot
             ... on level 2 of the Abyss.
             The game lasted 00:18:12 (9804 turns).

Newt the Carver (Demonspawn Gladiator)              Turns: 9804, Time: 00:18:13

Health: -4/108     AC: 43    Str: 27    XL:     14   Next: 38%
Magic:  12/12      EV:  6    Int:  8    God:    Okawaru [*****.]
Gold:   469        SH:  0    Dex: 22    Spells: 13/13 levels left

rFire   + . .      SeeInvis .    m - +7 falchion "Icuuciet" {pain, Will+}
rCold   . . .      Faith    +    V - orb {mayhem}
rNeg    . . .      Spirit   .    l - +21 crystal plate armour "Paiqul" {rElec Str+9}
rPois   .          Reflect  .    (helmet unavailable)
rElec   +          Harm     .    (no cloak)
rCorr   .          Rampage  .    p - +0 pair of gloves
Will    ++...      Rage     9%   o - +0 pair of boots
Stlth   ..........               M - amulet of faith
HPRegen 0.00/turn                n - +4 ring of protection
MPRegen 0.13/turn                y - +6 ring of dexterity

@: on berserk cooldown, inhibited regen, slowed, studying Shields, unable to
read, very slow
A: horns 3, icy blue scales 2, (demonic guardian 2), powered by death 1, fire
resistance 1, strong 1, [berserk 2], [deformed body], [low MP 3], [inhibited
regeneration], [weak 2], [inability to read after injury 2]
a: Renounce Religion, Heroism, Finesse, Duel


You were on level 2 of the Abyss.
You worshipped Okawaru.
Okawaru was extremely pleased with you.
You visited 2 branches of the dungeon, and saw 11 of its levels.
You visited the Abyss 1 time.
You also visited: Sewer, Ossuary and Bailey.

You collected 469 gold pieces.

Inventory:

Hand Weapons
 a - a +0 rapier
 i - a +0 vorpal mace
 m - the +7 falchion "Icuuciet" (weapon) {pain, Will+}
   (You found it on level 2 of the Dungeon)

   In the hands of one skilled in necromantic magic, it inflicts extra damage on
   living creatures.
   Will:      It increases your willpower.
Missiles
 d - 7 throwing nets
 e - 3 javelins
 Q - a curare-tipped dart
 U - 15 poisoned darts (quivered)
 Z - an atropa-tipped dart
Armour
 l - the +21 crystal plate armour "Paiqul" (worn) {rElec Str+9}
   (You acquired it on level 3 of the Dungeon)

   Str:       It affects your strength (+9).
   rElec:     It insulates you from electricity.
 o - a +0 pair of boots (worn)
 p - a +0 pair of gloves (worn)
 V - an orb of mayhem (worn)
Jewellery
 n - a +4 ring of protection (left hand)
 y - a +6 ring of dexterity (right hand)
 D - a +6 ring of strength
 K - a ring of protection from fire
 M - an amulet of faith (around neck)
Wands
 b - a wand of polymorph (5)
 k - a wand of quicksilver (11)
 R - a wand of flame (14)
 S - a wand of paralysis (5)
 X - a wand of digging (8)
Scrolls
 c - a scroll of brand weapon {unknown}
 t - 2 scrolls of silence
 u - 3 scrolls of fear
 z - 2 scrolls of enchant weapon {unknown}
 A - 6 scrolls of teleportation
 E - a scroll of magic mapping
 N - a scroll of blinking {unknown}
 O - 2 scrolls of immolation {unknown}
 P - 3 scrolls of enchant armour
Potions
 g - 3 potions of cancellation
 h - 6 potions of curing
 j - 2 potions of heal wounds
 q - 2 potions of flight
 r - 4 potions of might
 s - 2 potions of mutation
 v - a potion of resistance
 w - 4 potions of degeneration
 x - 2 potions of invisibility
 B - 4 potions of lignification
 G - 7 potions of brilliance
 H - a potion of magic {unknown}
 I - a potion of haste
 W - a potion of berserk rage {unknown}


   Skills:
 - Level 9.0 Fighting
 - Level 2.6(9.9) Short Blades
 - Level 14.6(14.7) Long Blades
 + Level 6.6 Throwing
 - Level 8.4 Armour
 - Level 2.6 Dodging
 - Level 2.0 Stealth
 - Level 6.0 Invocations
 - Level 5.0 Evocations


You had 13 spell levels left.
You didn't know any spells.
Your spell library contained the following spells:

 Spells                   Type           Power      Damage    Failure   Level
 Slow                     Hex            0%         N/A       100%        1
 Sting                    Tmut/Pois      0%         1d3       100%        1
 Poisonous Vapours        Pois/Air       0%         N/A       100%        2
 Confusing Touch          Hex            0%         N/A       100%        3
 Gell's Gravitas          Tloc           0%         N/A       100%        3
 Lesser Beckoning         Tloc           0%         N/A       100%        3
 Teleport Other           Tloc           0%         N/A       100%        3
 Vampiric Draining        Necr           0%         2d6       100%        3
 Fulminant Prism          Conj/Hex       0%         3d6       100%        4
 Iskenderun's Mystic Bla  Conj/Tloc      0%         2d3       100%        4
 Olgreb's Toxic Radiance  Pois           0%         N/A       100%        4
 Lee's Rapid Deconstruct  Erth           0%         3d5*      100%        5


Dungeon Overview and Level Annotations

Branches:
Dungeon (10/15)            Temple (1/1) D:6            Lair (0/5) D:10
  Sewer (visited)         Ossuary (visited)          Bailey (visited)
    Orc: D:9-12

Altars:
Ashenzari
Cheibriados
Dithmenos
Fedhas
Gozag
Hepliaklqana
Kikubaaqudgha
Makhleb
Nemelex Xobeh
Okawaru
Qazlal
Ru
Sif Muna
Trog
Uskayaw
Vehumet
Wu Jian
Xom
Yredelemnul

Shops:
D:7 !

Annotations:
D:10 Sonja


Innate Abilities, Weirdness & Mutations

You have a pair of large horns on your head.
You are mostly covered in icy blue scales. (AC +3)
((A demonic guardian rushes to your aid.))
You regenerate a little health from kills.
Your flesh is heat resistant. (rF+)
Your muscles are strong. (Str +4, Int/Dex -1)
[You have an uncontrollable temper.]
[Armour fits poorly on your strangely shaped body.]
[Your magical capacity is extremely low. (-30% MP)]
[You do not regenerate when monsters are visible.]
[You are very weak. (Str -4)]
[You sometimes lose the ability to read scrolls when taking damage.]


Message History

Your resistance to elements expires.
You start resting.
A ynoxinul materialises.
The ynoxinul gestures.
The deep elf demonologist shouts!
The ufetubus shouts!
A red film seems to cover your vision as you go berserk!
You feel yourself moving faster!
You feel mighty!
You closely miss the ufetubus. You headbutt the ufetubus.
You kill the ufetubus!
The ufetubus disappears in a puff of smoke!
The deep elf demonologist casts a spell.
Unknown command.
You feel a strong urge to attack something.
You feel your anger nearly subside.
You are no longer berserk.
You are exhausted.
You feel yourself slow down.
The ufetubus hits you but does no damage. x2
The deep elf demonologist casts a spell.
The ufetubus attacks as you move away!
The ufetubus hits you but does no damage. x4
The ufetubus attacks as you move away! The ufetubus barely misses you.
The ufetubus hits you but does no damage. x2
The ufetubus barely misses you.
The Ice Fiend calls on the powers of darkness!
The deep elf demonologist convulses!
Your body is wracked with pain!
You feel threatened and lose the ability to read scrolls!
The balrug gestures at you. Something smites you!
* * * LOW HITPOINT WARNING * * *
The ufetubus barely misses you. The ufetubus completely misses you.
The ufetubus attacks as you move away!
The ufetubus hits you but does no damage.
The ufetubus closely misses you. The balrug gestures at you.
Something smites you!
* * * LOW HITPOINT WARNING * * *
The ynoxinul gestures at you. The iron shot hits you!!
You die...

#########
###.......# #
.#........ #.#
#.........
#..#.....# #
#.@55.#### .#
#.##...##..# #.#..
..#.....##..#.....#
# #.# #.#.##3## 5#
.. ..
##.#.#e2.#...##e ..
#
#.#..#.#1##5#5....
...........##. 2#.
#...#....#...#...#
... #.#.##..#..#.#


You could see an Ice Fiend (summoned), a balrug (summoned), a ynoxinul and 2
ufetubi.

Vanquished Creatures
  Harold (D:10)
  A thrashing horror (Abyss:1)
  3 orc knights (Bailey)
  Maggie (D:10)
  2 trolls
  A slime creature (D:10)
  A shadow (D:9)
  A wraith (Ossuary)
  10 yaks
  14 orc warriors
  3 ice beasts
  3 black bears
  A sky beast (D:7)
  2 centaurs
  3 kobold brigands
  A phantom (D:6)
  2 bullfrogs
  2 gnoll sergeants
  3 scorpions
  A small abomination (Abyss:1)
  15 wights
  2 howler monkeys
  2 hounds (D:4)
  Crazy Yiuf (D:3)
  A gnoll bouda (D:6)
  7 orc priests
  8 jellies
  Jessica (D:3)
  5 iguanas
  3 orc wizards
  A mummy (Ossuary)
  16 gnolls
  3 river rats (Sewer)
  11 adders
  3 shadow imps
  2 white imps
  An ufetubus (Abyss:1)
  2 worms
  2 dart slugs
  32 orcs
  3 bats
  31 endoplasms
  6 giant cockroaches
  3 goblins
  6 hobgoblins
  7 jackals
  5 quokkas
  8 ball pythons
  4 frilled lizards
  3 gnoll skeletons (Ossuary)
  A goblin zombie (D:6)
  12 kobolds
  7 kobold skeletons (Ossuary)
  15 orc skeletons (Ossuary)
  3 rats
288 creatures vanquished.

Vanquished Creatures (collateral kills)
  A two-headed ogre (D:9)
  A komodo dragon (D:9)
  A troll (D:10)
  3 yaks (D:10)
  A wight (D:9)
  A gnoll (D:9)
  2 orcs
  5 endoplasms
  A hobgoblin (D:10)
  A quokka (D:1)
  3 kobolds (D:9)
20 creatures vanquished.

Vanquished Creatures (others)
  A yak (D:9)
  A jelly (D:10)
  3 endoplasms (D:10)
  A fungus (D:10)
6 creatures vanquished.

Grand Total: 314 creatures vanquished

Notes
Turn   | Place    | Note
-------+----------+-------------------------------------------
     0 | D:1      | Newt the Demonspawn Gladiator began the quest for the Orb.
     0 | D:1      | Reached XP level 1. HP: 16/16 MP: 1/1
    63 | D:1      | Gained mutation: A weak demonic guardian rushes to your
                  | aid. [demonic ancestry]
    63 | D:1      | Reached XP level 2. HP: 8/22 MP: 2/2
   437 | D:1      | Found a faded altar of an unknown god.
   437 | D:1      | Noticed an eye of devastation
   441 | D:1      | Noticed a great orb of eyes
   441 | D:1      | Noticed a shining eye
   441 | D:1      | Noticed a floating eye
  1128 | D:2      | Identified the +7 falchion "Icuuciet" {pain, Will+}
  1147 | D:2      | Gained mutation: You are partially covered in icy blue
                  | scales. (AC +2) [demonic ancestry]
  1147 | D:2      | Reached XP level 3. HP: 28/28 MP: 3/3
  2191 | D:3      | Gained mutation: You have a pair of small horns on your
                  | head. [demonic ancestry]
  2191 | D:3      | Reached XP level 4. HP: 30/37 MP: 4/4
  2343 | D:3      | Identified a scroll of acquirement
  2343 | D:3      | Acquired the +21 crystal plate armour "Paiqul" {rElec
                  | Str+9}
  2420 | D:3      | Found a runed translucent door.
  2421 | D:3      | Noticed Crazy Yiuf
  2461 | D:3      | Noticed Jessica
  2468 | D:3      | Killed Jessica
  2469 | D:3      | Reached skill level 1 in Long Blades
  2517 | D:3      | Killed Crazy Yiuf
  2518 | D:3      | Reached skill level 2 in Long Blades
  2518 | D:3      | Gained mutation: You are mostly covered in icy blue scales.
                  | (AC +3) [demonic ancestry]
  2518 | D:3      | Reached XP level 5. HP: 29/42 MP: 5/5
  2711 | D:4      | Reached skill level 3 in Long Blades
  2801 | D:4      | Gained mutation: You have a pair of horns on your head.
                  | [demonic ancestry]
  2801 | D:4      | Reached XP level 6. HP: 43/48 MP: 6/6
  2842 | D:4      | Reached skill level 4 in Long Blades
  2941 | D:4      | Gained mutation: Your flesh is heat resistant. (rF+)
                  | [potion of mutation]
  2941 | D:4      | Gained mutation: Your muscles are strong. (Str +4, Int/Dex
                  | -1) [potion of mutation]
  3418 | D:5      | Entered Level 5 of the Dungeon
  3921 | D:5      | Found a glowing drain.
  3942 | D:5      | Reached skill level 5 in Long Blades
  3952 | Sewer    | Entered a sewer
  4037 | Sewer    | Reached XP level 7. HP: 36/54 MP: 7/7
  4278 | Sewer    | Found a viscous altar of Jiyva.
  4614 | D:6      | Found a sand-covered staircase.
  4624 | Ossuary  | Entered an ossuary
  4624 | Ossuary  | Noticed a wraith
  4624 | Ossuary  | Noticed a wraith
  4624 | Ossuary  | Noticed a wraith
  4674 | Ossuary  | Noticed a wraith
  4694 | Ossuary  | Killed a wraith
  4962 | D:6      | Reached XP level 8. HP: 59/60 MP: 8/8
  5030 | D:6      | Reached skill level 5 in Armour
  5153 | D:6      | Found a staircase to the Ecumenical Temple.
  5317 | D:6      | Reached skill level 6 in Long Blades
  5344 | Temple   | Entered the Ecumenical Temple
  5496 | Temple   | Became a worshipper of Warmaster Okawaru
  5656 | D:7      | You fall into a shaft and drop 1 floor!
  5669 | D:8      | Reached skill level 7 in Long Blades
  5719 | D:8      | Reached * piety under Okawaru
  5720 | D:8      | Reached XP level 9. HP: 56/65 MP: 9/9
  5745 | D:8      | Reached skill level 8 in Long Blades
  6239 | D:7      | Reached skill level 9 in Long Blades
  6567 | D:7      | Found Gerhaol's Distillery.
  7063 | D:8      | Reached ** piety under Okawaru
  7107 | D:8      | Found the +7 staff of the Meek {protect, meekguard}
  7373 | D:8      | Reached skill level 5 in Fighting
  7916 | D:9      | Gained mutation: A demonic guardian rushes to your aid.
                  | [demonic ancestry]
  7916 | D:9      | Reached XP level 10. HP: 59/76 MP: 10/10
  8062 | D:9      | Reached *** piety under Okawaru
  8138 | D:9      | Reached skill level 5 in Throwing
  8138 | D:9      | Reached skill level 1 in Evocations
  8151 | D:9      | Noticed a two-headed ogre
  8168 | D:9      | Killed a two-headed ogre
  8168 | D:9      | Reached **** piety under Okawaru
  8169 | D:9      | Reached skill level 5 in Evocations
  8306 | D:9      | Found an ancient bone altar of Kikubaaqudgha.
  8306 | D:9      | Found an opulent altar of Gozag.
  8314 | D:9      | Found a bloodstained altar of Trog.
  8319 | D:9      | Found a hide-covered altar of Uskayaw.
  8376 | D:10     | Entered Level 10 of the Dungeon
  8392 | D:10     | Reached skill level 10 in Long Blades
  8403 | D:10     | Received a gift from Okawaru
  8404 | D:10     | Noticed Maggie
  8419 | D:10     | Killed Maggie
  8447 | D:10     | Found a staircase to the Lair.
  8498 | D:10     | Reached skill level 11 in Long Blades
  8500 | D:10     | Reached ***** piety under Okawaru
  8519 | D:10     | Found a flagged portal.
  8533 | Bailey   | Entered a bailey
  8697 | Bailey   | Gained mutation: You regenerate a little health from kills.
                  | [demonic ancestry]
  8697 | Bailey   | Reached XP level 11. HP: 81/81 MP: 11/11
  8767 | Bailey   | Received a gift from Okawaru
  8931 | Bailey   | Noticed an orc knight
  8931 | Bailey   | Noticed an orc knight
  8931 | Bailey   | Noticed an orc knight
  9008 | Bailey   | Killed an orc knight
  9030 | Bailey   | Killed an orc knight
  9031 | Bailey   | Reached skill level 12 in Long Blades
  9229 | Bailey   | Killed an orc knight
  9229 | Bailey   | Received a gift from Okawaru
  9263 | D:10     | Noticed Harold
  9277 | D:10     | Killed Harold
  9309 | D:10     | Reached skill level 14 in Long Blades
  9309 | D:10     | Reached XP level 12. HP: 88/88 MP: 12/12
  9310 | D:10     | Gained mutation: You have a pair of large horns on your
                  | head. [demonic ancestry]
  9310 | D:10     | Reached XP level 13. HP: 98/98 MP: 12/17
  9311 | D:10     | Reached XP level 14. HP: 106/106 MP: 12/18
  9487 | D:10     | Noticed Sonja
  9490 | Abyss:1  | Cast into level 1 of the Abyss (Sonja)
  9665 | Abyss:1  | Noticed a bone dragon
  9703 | Abyss:1  | Noticed a lich
  9797 | Abyss:2  | Noticed a balrug
  9801 | Abyss:2  | Noticed an Ice Fiend
  9804 | Abyss:2  | Killed from afar by a ynoxinul

Illustrated notes

Levels and vault maps discovered:
D:1:      pf_arrival_petrified_forest, layout_basic,
          hellmonk_ecumenical_altar_watching_god, dreamdust_princess_corridor,
          st_stairs_11
D:2:      layout_basic, nrook_uturn
D:3:      layout_basic, uniq_jessica, uniq_crazy_yiuf_cottage
D:4:      layout_rooms, kennysheep_flooded_box, lemuel_flame_loot_1
D:5:      layout_basic, gup_sewer_entry_glass
D:6:      layout_cave_pools, minmay_temple_entry_proselytizer, enter_ossuary_3,
          ebering_dispersal_statue_hall
D:7:      lemuel_ice_spiral_2, layout_basic, serial_shops, kennysheep_mini_moat
D:8:      layout_cave_pools, pf_guarded_unrand_meek
D:9:      layout_rooms, minmay_overflow_temple_hex, minmay_misc_feat_five
D:10:     lemuel_slime, layout_rooms, dpeg_oklobed_lair, enter_bailey_4,
          special_room [special_room_bee], serial_bayou_pond_b, uniq_maggie,
          uniq_harold, uniq_sonja
Temple:   nicolae_temple_elliptical
Abyss:2:  base:
D:3

Skill      XL: |  1  2  3  4  5  6  7  8  9 10 11 12 13 14 |
---------------+-------------------------------------------+-----
Stealth        | 2 |  2.0
Fighting       | 3 4 6 7 8 9 |  9.0
Long Blades    | 2 3 5 7 9 11 14 | 14.6
Armour         | 4 6 7 8 |  8.4
Throwing       | 3 5 6 |  6.6
Evocations     | 5 |  5.0
Invocations    | 6 |  6.0
Short Blades   | |  2.6
Dodging        | |  2.6

Action                   |  1- 3 |  4- 6 |  7- 9 | 10-12 | 13-15 || total
-------------------------+-------+-------+-------+-------+-------++-------
Melee: Rapier            |    44 |       |       |       |       ||    44
       Mace              |     4 |       |       |       |       ||     4
       Falchion          |    46 |   130 |   307 |   224 |    41 ||   748
       Headbutt          |       |    24 |    72 |    51 |    11 ||   158
       Punch             |       |     2 |     2 |       |       ||     4
Throw: Throwing net      |     1 |       |       |     1 |     1 ||     3
       Dart              |       |       |       |    15 |       ||    15
Invok: Heroism           |       |       |       |     1 |       ||     1
  Use: Scroll            |     8 |     8 |     5 |     3 |       ||    24
       Potion            |       |     1 |     1 |     5 |     4 ||    11
 Stab: Held in net/web   |     2 |       |       |       |       ||     2
       Sleeping          |     3 |       |       |       |       ||     3
       Distracted        |       |       |       |     3 |     2 ||     5
Armor: Leather armour    |    12 |       |       |       |       ||    12
       Chain mail        |    27 |     6 |       |       |       ||    33
       Crystal plate arm |       |   108 |   318 |   187 |   127 ||   740
Dodge: Dodged            |    64 |    35 |   102 |    74 |    34 ||   309

Table legend: (Time is in decaauts)
 A = Elapsed time spent in this place.
 B = Non-inter-level travel time spent in this place.
 C = Inter-level travel time spent in this place.
 D = Time resting spent in this place.
 E = Time spent auto-exploring this place.
 F = Levels seen in this place.
 G = Mean time per level.
                   A        B        C        D        E       F      G
               +--------+--------+--------+--------+--------+-----+--------+
         Total |   9746 |   9415 |    331 |   1297 |   6049 |  16 |  609.1 |
       Dungeon |   7891 |   7585 |    306 |   1174 |   4993 |  10 |  789.1 |
        Temple |    165 |    140 |     25 |      0 |    124 |   1 |  165.0 |
         Abyss |    312 |    312 |      0 |    113 |      0 |   2 |  156.0 |
         Sewer |    465 |    465 |      0 |      0 |    337 |   1 |  465.0 |
       Ossuary |    248 |    248 |      0 |      0 |    147 |   1 |  248.0 |
        Bailey |    662 |    662 |      0 |     10 |    448 |   1 |  662.0 |
               +--------+--------+--------+--------+--------+-----+--------+

Top non-repeatable levels by time:
     D:7: 1096 daAuts
     D:1: 1077 daAuts
     D:8: 875 daAuts
     D:3: 866 daAuts
     D:4: 777 daAuts
     D:9: 743 daAuts
     D:5: 726 daAuts
     D:2: 719 daAuts
  Bailey: 662 daAuts
     D:6: 633 daAuts
   Sewer: 465 daAuts
    D:10: 375 daAuts
 Ossuary: 248 daAuts
 Abyss:1: 228 daAuts
  Temple: 165 daAuts
